 Dungeon Crawl Stone Soup version 0.27-a0-1500-g450c7e4133 (webtiles) character file.

Game seed: 397405283143309323

67 lunkers the Insei (level 4, -7/33 HPs)
             Began as a Djinni Warper on July 7, 2021.
             Mangled by Terence (10 damage)
             ... on level 1 of the Dungeon.
             The game lasted 00:01:53 (1633 turns).

lunkers the Insei (Djinni Warper)                   Turns: 1633, Time: 00:01:53

Health: -7/33      AC:  3    Str: 10    XL:     4   Next: 38%
Gold:   56         EV: 11    Int: 15    God:
                   SH:  0    Dex: 13

rFire    + + .     SeeInvis .     - Unarmed
rCold    x . .     Faith    .   (no shield)
rNeg     . . .     Spirit   .   a - +0 leather armour
rPois    ∞         Reflect  .   (no helmet)
rElec    .         Harm     .   (no cloak)
rCorr    .         Rampage  .   (no gloves)
Will     .....                  (boots unavailable)
Stlth    +.........             (no amulet)
HPRegen  0.11/turn              (no ring)
MPRegen  0.00/turn              (no ring)

@: flying, very slightly contaminated
A: sickness immunity, fire resistance 2, cold vulnerability 1, float, innate
caster, hp casting, extra vitality 1
a: no special abilities


You were on level 1 of the Dungeon.
You visited 1 branch of the dungeon, and saw 2 of its levels.

You collected 56 gold pieces.

Inventory:

Missiles
 c - 4 boomerangs of dispersal
Armour
 a - a +0 leather armour (worn)
Jewellery
 f - a ring of wizardry
 g - an amulet of reflection
Scrolls
 b - a scroll of blinking
 d - a scroll of fear {unknown}
 e - 2 scrolls of identify {unknown}
 h - a scroll of teleportation {unknown}


   Skills:
 - Level 2.0 Fighting
 - Level 0.7 Throwing
 - Level 1.0 Armour
 - Level 2.1 Dodging
 * Level 3.7 Unarmed Combat
 + Level 2.9 Spellcasting


You couldn't memorise any spells.
You knew the following spells:

 Your Spells              Type           Power      Damage    Failure   Level
a - Shock                 Conj/Air       44%        1d5       9%          1
b - Lesser Beckoning      Tloc           5%         N/A       24%         3
c - Gell's Gravitas       Tloc           5%         N/A       24%         3
d - Teleport Other        Tloc           11%        N/A       24%         3
e - Manifold Assault      Tloc           11%        N/A       92%         5
p - Blink                 Tloc           N/A        N/A       12%         2
Your spell library was empty.

Dungeon Overview and Level Annotations

Branches:
Dungeon (2/15)

Altars:

Shops:
D:1 ?   D:2 [(

Annotations:
D:1 Terence


Innate Abilities, Weirdness & Mutations

You are immune to sickness and miasma.
You are immune to poison.
Your flesh is very heat resistant. (rF++)
You are vulnerable to cold. (rC-)
You float through the air rather than walking.
You learn spells naturally, not from books.
Your magical power is your life essence.
You have superior vitality. (+4 HP)


Message History

The zap hits Terence but does no damage.
Terence is lightly wounded.
The zap hits Terence but does no damage.
Terence is lightly wounded.
* * * LOW HITPOINT WARNING * * *
Terence closely misses you.
Unknown command.
Casting: Shock (safe; 9% risk of failure)
Confirm with . or Enter, or press ? or * to list all spells.
Aiming: Shock (safe; 9% risk of failure)
Press: ? - help, Shift-Dir - straight line You miscast Shock.
You are very lightly contaminated with residual magic.
Nothing appears to happen.
* * * LOW HITPOINT WARNING * * *
Terence hits you from afar with a +0 trident.
* * * LOW HITPOINT WARNING * * *
Unknown command.
Casting: Shock (safe; 9% risk of failure)
Confirm with . or Enter, or press ? or * to list all spells.
Aiming: Shock (safe; 9% risk of failure)
Press: ? - help, Shift-Dir - straight line The zap hits Terence but does no damage.
Terence is lightly wounded.
The zap hits Terence but does no damage.
Terence is lightly wounded.
* * * LOW HITPOINT WARNING * * *
Terence barely misses you.
Unknown command.
Casting: Shock (safe; 9% risk of failure)
Confirm with . or Enter, or press ? or * to list all spells.
Aiming: Shock (safe; 9% risk of failure)
Press: ? - help, Shift-Dir - straight line The zap hits Terence.
Terence is moderately wounded.
The zap hits Terence.
Terence is moderately wounded.
* * * LOW HITPOINT WARNING * * *
Terence hits you from afar with a +0 trident!
You die...

##########..# #.#########.#
............# #.# #.#
.#.#........# #.# #.#
.#.#.#####..# #.# #.# )#.#.# #..#
#.# #.# .#.#.#####..###.## #.#
.#.#.............# #.#
......#####.###..# ###.#######
.#.##.# #.# #.@######..........
.#.##.#####.###..................
.............###@######.###.#####
##..∩..##..>..##..>.....# #......
#.............########## ##.####
####............# #.## >#
##...........# #..# .#
#...........# ##.# .#
#..#.......## #.#


You could see Terence.

Vanquished Creatures
  Jessica (D:1)
  An adder (D:2)
  A worm (D:2)
  A dart slug (D:1)
  3 ball pythons
  4 endoplasms (D:1)
  2 giant cockroaches
  4 goblins (D:1)
  A hobgoblin (D:1)
  2 kobolds (D:1)
  6 frilled lizards
26 creatures vanquished.

Notes
Turn   | Place    | Note
-------+----------+-------------------------------------------
     0 | D:1      | lunkers the Djinni Warper began the quest for the Orb.
     0 | D:1      | Reached XP level 1. HP: 18/18 MP: 0/0
     0 | D:1      | Noticed a shadow dragon
     0 | D:1      | Noticed a purple draconian
     3 | D:1      | Noticed a green draconian
     3 | D:1      | Noticed a shadow dragon
     5 | D:1      | Noticed an ice dragon
     6 | D:1      | Noticed a shadow dragon
     7 | D:1      | Noticed a tentacled monstrosity
    12 | D:1      | Noticed an orb of fire
    14 | D:1      | Noticed an iron dragon
    15 | D:1      | Noticed a tentacled monstrosity
    18 | D:1      | Noticed a large abomination
    18 | D:1      | Noticed a tentacled monstrosity
    20 | D:1      | Noticed a tentacled monstrosity
    20 | D:1      | Noticed an orb of fire
    24 | D:1      | Noticed a large abomination
   397 | D:1      | Reached XP level 2. HP: 21/23 MP: 0/0
   438 | D:1      | Found Juhedgh's Magic Scroll Boutique.
   754 | D:1      | Reached XP level 3. HP: 24/28 MP: 0/0
   754 | D:1      | Learned a level 1 spell: Shock
   941 | D:1      | Reached skill level 3 in Unarmed Combat
  1045 | D:2      | Found Josui's Antique Weapon Shoppe.
  1269 | D:2      | Noticed Jessica
  1283 | D:2      | Found Sucixojo's Antique Armour Boutique.
  1555 | D:1      | Killed Jessica
  1556 | D:1      | Reached XP level 4. HP: 25/33 MP: 0/0
  1615 | D:2      | Noticed Terence
  1633 | D:1      | Mangled by Terence

Illustrated notes

Levels and vault maps discovered:
D:1:      shiori_arrival_whats_in_store_for_you, layout_loops_ring,
          serial_shops, shop
D:2:      layout_rooms, serial_shops, shop, nicolae_shop_behind_doors,
          shop_statue, nicolae_shop_crystal, uniq_terence, uniq_jessica

Skill      XL: |  1  2  3 |
---------------+----------+-----
Unarmed Combat | 3 |  3.7
Fighting       | |  2.0
Throwing       | |  0.7
Armour         | |  1.0
Dodging        | |  2.1
Spellcasting   | |  2.9

Action                   |  1- 3 |  4- 6 || total
-------------------------+-------+-------++-------
Melee: Unarmed           |    44 |       ||    44
Throw: Boomerang         |     1 |       ||     1
 Cast: Shock             |    34 |     7 ||    41
Armor: Leather armour    |     7 |       ||     7
Dodge: Dodged            |    26 |     3 ||    29

Table legend: (Time is in decaauts)
 A = Elapsed time spent in this place.
 B = Non-inter-level travel time spent in this place.
 C = Inter-level travel time spent in this place.
 D = Time resting spent in this place.
 E = Time spent auto-exploring this place.
 F = Levels seen in this place.
 G = Mean time per level.
                   A        B        C        D        E       F      G
               +--------+--------+--------+--------+--------+-----+--------+
         Total |   1638 |   1611 |     27 |    240 |   1158 |   2 |  819.0 |
       Dungeon |   1638 |   1611 |     27 |    240 |   1158 |   2 |  819.0 |
               +--------+--------+--------+--------+--------+-----+--------+

Top non-repeatable levels by time:
     D:1: 1311 daAuts
     D:2: 326 daAuts
